 Dungeon Crawl Stone Soup version 0.28.0-53-g5a82cb258f (webtiles) character file.

Game seed: 4133539860572522290

749 Sin92 the Chopper (level 7, -8/61 HPs)
             Began as a Minotaur Fighter on June 13, 2022.
             Mangled by an ice beast (10 damage)
             ... on level 6 of the Dungeon.
             The game lasted 00:01:42 (2557 turns).

Sin92 the Chopper (Minotaur Fighter)                Turns: 2557, Time: 00:01:42

Health: -8/61      AC:  0    Str: 21    XL:     7   Next: 48%
Magic:  6/6        EV: 11    Int:  5    God:
Gold:   88         SH:  6    Dex: 17    Spells: 6/6 levels left

rFire   . . .      SeeInvis .   a - +0 war axe
rCold   . . .      Faith    .   c - +0 buckler
rNeg    . . .      Spirit   .   b - +0 scale mail
rPois   .          Reflect  .   (helmet restricted)
rElec   .          Harm     .   j - +0 cloak
rCorr   .          Rampage  .   (no gloves)
Will    .....                   (no boots)
Stlth   ..........              (no amulet)
HPRegen 0.20/turn               n - +6 ring of dexterity
MPRegen 0.10/turn               (no ring)

@: corroded, flying
A: horns 2, retaliatory headbutt
a: no special abilities


You were on level 6 of the Dungeon.
You visited 1 branch of the dungeon, and saw 5 of its levels.

You collected 88 gold pieces.

Inventory:

Hand Weapons
 a - a +0 war axe (weapon)
Missiles
 i - 2 throwing nets (quivered)
Armour
 b - a +0 scale mail (worn)
 c - a +0 buckler (worn)
 j - a +0 cloak (worn)
Jewellery
 l - a ring of ice
 n - a +6 ring of dexterity (left hand)
Wands
 k - a wand of flame (23)
Scrolls
 e - a scroll of enchant armour {unknown}
 f - 4 scrolls of identify {unknown}
 g - a scroll of teleportation {unknown}
 o - 2 scrolls of noise {unknown}
 q - a scroll of summoning {unknown}
Potions
 d - a potion of might
 h - 2 potions of flight
 p - a potion of curing {unknown}


   Skills:
 + Level 5.4 Fighting
 * Level 6.2 Axes
 + Level 5.4 Armour
 + Level 3.3 Dodging
 + Level 5.4 Shields


You had 6 spell levels left.
You didn't know any spells.
Your spell library contained the following spells:

 Spells                   Type           Power      Damage    Failure   Level
 Dispersal                Tloc           0%         N/A       100%        6
 Disjunction              Tloc           0%         N/A       100%        8


Dungeon Overview and Level Annotations

Branches:
Dungeon (6/15)
 Temple: D:4-7

Altars:
Fedhas

Shops:
D:1 *


Innate Abilities, Weirdness & Mutations

You have a pair of horns on your head.
You reflexively headbutt those who attack you in melee.


Message History

There are monsters nearby!
You are too injured to fight recklessly!
Unknown command.
There are monsters nearby!
You are too injured to fight recklessly!
It was a potion of flight.
You feel very buoyant.
You fly up into the air.
The jelly barely misses you. You furiously retaliate!
You headbutt the jelly! The ice beast hits you. The ice beast freezes you!
* * * LOW HITPOINT WARNING * * *
It was a potion of heal wounds.
You feel much better. You block the jelly's attack.
You block the ice beast's attack.
You hit the jelly.
You kill the jelly!
You hit the ice beast. You block the ice beast's attack.
The ice beast hits you. The ice beast freezes you!
You hit the ice beast. Your headbutt misses the ice beast.
The ice beast is moderately wounded.
You block the ice beast's attack.
You barely miss the ice beast.
The ice beast is moderately wounded.
The ice beast hits you. The ice beast freezes you!
* * * LOW HITPOINT WARNING * * *
You block the ice beast's attack.
You slash the ice beast! You headbutt the ice beast.
The ice beast is severely wounded.
The ice beast hits you.
* * * LOW HITPOINT WARNING * * *
The ice beast freezes you!
* * * LOW HITPOINT WARNING * * *
You hit the ice beast.
You headbutt the ice beast, but do no damage.
The ice beast is almost dead.
The ice beast completely misses you.
You barely miss the ice beast.
The ice beast is almost dead.
The ice beast hits you.
* * * LOW HITPOINT WARNING * * *
The ice beast freezes you!
You die...

### #.. #.#
#.#
#.#####.#
#.......##
#.<.######
#Y@......$
#)......####
#.>..(.....#
####.......#
###...###
#...# #####


You could see an ice beast.

Vanquished Creatures
  Grinder (D:6)
  An ice beast (D:5)
  An ogre (D:5)
  A sky beast (D:5)
  A centaur (D:5)
  A scorpion (D:5)
  A jelly (D:6)
  A scorpion zombie (D:5)
  A howler monkey zombie (D:5)
  5 adders
  A white imp (D:5)
  An ufetubus (D:5)
  A worm (D:2)
  A dart slug (D:2)
  An orc (D:5)
  3 ball pythons
  A bat (D:2)
  A giant cockroach (D:1)
  5 hobgoblins
  4 quokkas
  A frilled lizard (D:1)
  6 goblins
  A rat (D:2)
41 creatures vanquished.

Notes
Turn   | Place    | Note
-------+----------+-------------------------------------------
     0 | D:1      | Sin92 the Minotaur Fighter began the quest for the Orb.
     0 | D:1      | Reached XP level 1. HP: 19/19 MP: 0/0
    79 | D:1      | Found Yma Lef's General Store.
   444 | D:2      | Reached XP level 2. HP: 27/27 MP: 1/1
   462 | D:2      | Reached skill level 3 in Axes
   607 | D:2      | Reached skill level 1 in Dodging
   612 | D:2      | Reached XP level 3. HP: 31/33 MP: 2/2
   639 | D:2      | Found a faded altar of an unknown god.
  1228 | D:3      | Found a blossoming altar of Fedhas.
  1278 | D:3      | You fall into a shaft and drop 3 floors!
  1278 | D:6      | Noticed Grinder
  1283 | D:6      | Killed Grinder
  1284 | D:6      | Reached skill level 4 in Axes
  1284 | D:6      | Reached XP level 4. HP: 24/41 MP: 3/3
  1284 | D:6      | Reached XP level 5. HP: 28/47 MP: 4/4
  1369 | D:5      | Entered Level 5 of the Dungeon
  1517 | D:5      | Noticed an ice beast
  1530 | D:5      | Killed an ice beast
  1531 | D:5      | Reached skill level 5 in Axes
  1531 | D:5      | Reached XP level 6. HP: 8/55 MP: 5/5
  1866 | D:5      | Noticed a sky beast
  1874 | D:5      | Reached skill level 5 in Fighting
  1880 | D:5      | Killed a sky beast
  1881 | D:5      | Reached skill level 5 in Armour
  1881 | D:5      | Reached skill level 5 in Shields
  2056 | D:5      | Reached XP level 7. HP: 39/61 MP: 6/6
  2237 | D:5      | Reached skill level 6 in Axes
  2557 | D:6      | HP: 2/61 [ice beast (3)]
  2557 | D:6      | Mangled by an ice beast

Illustrated notes

Levels and vault maps discovered:
D:1:      moated_graveyard_arrival, layout_rooms, serial_shops, shop
D:2:      layout_loops_ring, chequers_ecumenical_altar_simple_redux,
          hangedman_decor_growths, ebering_dispersal_statue_hall
D:3:      layout_loops_ring, okawaru_ov_weapons_minmay, fedhas_altar_2,
          grunt_ministairs_11
D:5:      layout_rooms, serial_glass, glass_columns_c, glass_columns_c,
          glass_columns_c, glass_columns_c, glass_columns_a, glass_columns_c,
          minmay_misc_feat_roman
D:6:      layout_loops_ring, jmf_multi_god_temple2, general_overflow_altar,
          temple_green, uniq_maggie, uniq_grinder

Skill      XL: |  1  2  3  4  5  6  7 |
---------------+----------------------+-----
Axes           | 3 4 5 6 |  6.2
Dodging        | 1 2 3 |  3.3
Shields        | 4 5 |  5.4
Fighting       | 4 5 |  5.4
Armour         | 4 5 |  5.4

Action                   |  1- 3 |  4- 6 |  7- 9 || total
-------------------------+-------+-------+-------++-------
Melee: War axe           |    45 |    36 |    25 ||   106
       Headbutt          |     7 |     5 |     8 ||    20
  Use: Potion            |       |       |     2 ||     2
Armor: Scale mail        |    11 |    28 |    14 ||    53
Dodge: Dodged            |    18 |    24 |    10 ||    52
Block: Buckler           |    10 |    17 |     9 ||    36
